 Dungeon Crawl Stone Soup version 0.29.1-13-g9f3cf754e1 (webtiles) character file.

Game seed: 2535688758747840423

1366 hbarley the Cleaver (level 8, -1/70 HPs)
             Began as a Hill Orc Fighter on Feb 1, 2023.
             Slain by a gnoll
             ... wielding a +0 flail
             ... led by a gnoll bouda
              (3 damage)
             ... on level 4 of the Dungeon.
             The game lasted 00:15:54 (4957 turns).

hbarley the Cleaver (Hill Orc Fighter)              Turns: 4957, Time: 00:15:54

Health: -1/70      AC: 11    Str: 19    XL:     8   Next: 65%
Magic:  0/8        EV: 10    Int:  8    God:
Gold:   246        SH:  5    Dex: 12    Spells: 7/7 levels left

rFire   . . .      SeeInvis .   C - +3 hand axe (freeze)
rCold   . . .      Faith    .   c - +0 buckler
rNeg    . . .      Spirit   +   b - +0 scale mail
rPois   +          Reflect  .   (no helmet)
rElec   .          Harm     .   o - +0 cloak
rCorr   .          Rampage  .   D - +0 pair of gloves
Will    .....                   r - +0 pair of boots
Stlth   ..........              t - amulet of guardian spirit
HPRegen 0.21/turn               h - ring of poison resistance
MPRegen 0.11/turn               k - ring of flight

@: weakened, flying
A: no striking features
a: no special abilities


You were on level 4 of the Dungeon.
You visited 1 branch of the dungeon, and saw 5 of its levels.

You collected 246 gold pieces.

Inventory:

Hand Weapons
 a - a +0 war axe
 s - a +0 hand axe of electrocution
 C - a +3 hand axe of freezing (weapon)
Missiles
 E - 2 throwing nets (quivered)
Armour
 b - a +0 scale mail (worn)
 c - a +0 buckler (worn)
 o - a +0 cloak (worn)
 r - a +0 pair of boots (worn)
 D - a +0 pair of gloves (worn)
Jewellery
 h - a ring of poison resistance (left hand)
 k - a ring of flight (right hand)
 t - an amulet of guardian spirit (around neck)
 B - a +6 ring of intelligence
Wands
 l - a wand of light (14)
 x - a wand of mindburst (13)
Scrolls
 e - a scroll of fear {unknown}
 f - a scroll of enchant armour {unknown}
 i - 3 scrolls of identify
 q - 3 scrolls of teleportation
 u - 3 scrolls of poison
 v - a scroll of noise {unknown}
 y - a scroll of butterflies {unknown}
 A - a scroll of torment {unknown}
Potions
 d - 2 potions of might
 g - a potion of brilliance {unknown}
 j - a potion of degeneration {unknown}
 m - a potion of flight {unknown}
 n - 3 potions of curing {unknown}
 p - a potion of cancellation {unknown}
 w - a potion of mutation {unknown}
 z - a potion of invisibility {unknown}


   Skills:
 + Level 6.2 Fighting
 + Level 9.0 Axes
 + Level 6.6 Armour
 + Level 1.9 Dodging
 + Level 0.7 Stealth
 + Level 4.5 Shields


You had 7 spell levels left.
You didn't know any spells.
Your spell library contained the following spells:

 Spells                   Type           Power      Damage    Failure   Level
 Call Canine Familiar     Summ           0%         N/A       99%         3
 Portal Projectile        Hex/Tloc       0%         N/A       99%         3
 Stone Arrow              Conj/Erth      0%         3d7       99%         3
 Animate Armour           Summ/Erth      0%         N/A       100%        4
 Leda's Liquefaction      Hex/Erth       0%         N/A       100%        4
 Blade Hands              Tmut           0%         N/A       100%        5
 Iron Shot                Conj/Erth      0%         9d1       100%        6
 Malign Gateway           Summ/Tloc      0%         N/A       100%        7
 Lehudib's Crystal Spear  Conj/Erth      0%         10d2      100%        8
 Summon Horrible Things   Summ           0%         N/A       100%        8


Dungeon Overview and Level Annotations

Branches:
Dungeon (5/15)
 Temple: D:4-7

Altars:
Fedhas
Trog
Yredelemnul


Message History

You become entangled in the net!
The gnoll hits you with a +0 flail!
The gnoll bouda barks out a call to the hunt!
The gnolls pick up the pace!
You tear a large gash into the net.
The gnoll barely misses you. The gnoll completely misses you.
The gnoll bouda gazes fiercely through you!
You feel as though you will be weak longer.
The gnoll bouda barely misses you. The gnoll hits you with a +0 flail.
You struggle against the net.
The gnoll hits you from afar with a +2 vampiric spear!
The gnoll hits you from afar with a +0 spear.
The gnoll bouda barely misses you. The gnoll barely misses you.
You rip the net and break free!
The gnoll hits you but does no damage. You block the gnoll's attack.
The gnoll bouda gazes fiercely through you!
You feel as though you will be weak longer.
The gnoll bouda hits you with a +0 whip.
The gnoll hits you with a +0 flail!
You hit the gnoll. You freeze the gnoll.
The gnoll is moderately wounded.
You hit the gnoll bouda but do no damage.
The gnoll barely misses you.
The gnoll hits you from afar with a +0 spear.
* * * LOW HITPOINT WARNING * * *
The gnoll bouda hits you but does no damage.
The gnoll hits you but does no damage.
The gnoll hits you from afar with a +2 vampiric spear.
The gnoll hits you but does no damage. The gnoll hits you with a +0 flail!
* * * LOW HITPOINT WARNING * * *
The gnoll bouda hits you with a +0 whip!
* * * LOW HITPOINT WARNING * * *
You fly upwards.
There is a stone staircase leading down here.
You barely miss the gnoll.
The gnoll is moderately wounded.
You hit the gnoll bouda but do no damage.
You hit the gnoll. You freeze the gnoll.
The gnoll is almost dead.
You closely miss the gnoll bouda. The gnoll hits you with a +0 flail.
You die...

#####.######.####.#.##.### #.#
#.....##.#.....(# #.#
#.....##.#..###.####
###)####.....##.#..# #....#
#............##.##.###.##.#
#.######.....#...#.....##†#
#.# ##............####.# # #'#
####.....#gg.########.##
###.###........#@)...........#
#.))[.####.....#)..#.######.##
###.### ##...######.# #.#
#.'.'_# ##.## #.# #.# ###.###
#.# #.######.# #.'.'.# #.#
#........# ###.### #.#
##...##..# #.†.).######.#
#.......# ###.###......#
#...##.##


You could see a gnoll bouda and a gnoll.

Vanquished Creatures
  Sigmund (D:2)
  2 black bears (D:4)
  4 necrophages (D:4)
  A scorpion (D:4)
  3 wights (D:4)
  3 bullfrog zombies (D:4)
  A hound (D:4)
  A human zombie (D:4)
  A gnoll bouda (D:4)
  Natasha (thrice) (D:2)
  An orc wizard (D:4)
  A scorpion zombie (D:4)
  Robin (D:2)
  6 adders
  6 gnolls
  2 worms
  2 dart slugs
  12 orcs
  8 ball pythons
  8 bats
  8 endoplasms
  3 giant cockroaches
  12 goblins
  12 hobgoblins
  6 jackals (D:2)
  2 quokkas (D:4)
  4 frilled lizards
  13 kobolds
  2 rats (D:1)
129 creatures vanquished.

Notes
Turn   | Place    | Note
-------+----------+-------------------------------------------
     0 | D:1      | hbarley the Hill Orc Fighter began the quest for the Orb.
     0 | D:1      | Reached XP level 1. HP: 19/19 MP: 1/1
   104 | D:1      | Reached skill level 3 in Axes
   127 | D:1      | Reached XP level 2. HP: 26/27 MP: 2/2
   599 | D:1      | Found a faded altar of an unknown god.
   755 | D:2      | Noticed Robin
   770 | D:1      | Reached XP level 3. HP: 23/33 MP: 3/3
  1227 | D:2      | Killed Robin
  1242 | D:2      | Noticed Natasha
  1251 | D:2      | Killed Natasha
  1252 | D:2      | Reached XP level 4. HP: 24/40 MP: 4/4
  1360 | D:2      | Noticed Natasha
  1367 | D:2      | Killed Natasha
  1734 | D:2      | Noticed Natasha
  1740 | D:2      | Killed Natasha
  1741 | D:2      | Reached skill level 4 in Axes
  1741 | D:2      | Reached XP level 5. HP: 41/47 MP: 5/5
  2064 | D:2      | Noticed Sigmund
  2076 | D:2      | Killed Sigmund
  2077 | D:2      | Reached skill level 5 in Axes
  2077 | D:2      | Reached skill level 5 in Armour
  2077 | D:2      | Reached XP level 6. HP: 31/53 MP: 6/6
  2592 | D:3      | Reached skill level 5 in Fighting
  2619 | D:3      | Noticed a black bear
  2635 | D:4      | Killed a black bear
  2636 | D:4      | Reached skill level 1 in Dodging
  2653 | D:4      | Reached XP level 7. HP: 14/60 MP: 7/7
  2920 | D:3      | Reached skill level 6 in Axes
  3978 | D:4      | Reached skill level 7 in Axes
  3980 | D:4      | Found a basalt altar of Yredelemnul.
  4114 | D:4      | Reached XP level 8. HP: 62/70 MP: 8/8
  4180 | D:4      | Reached skill level 8 in Axes
  4398 | D:4      | Found a bloodstained altar of Trog.
  4470 | D:4      | Found a blossoming altar of Fedhas.
  4670 | D:5      | Entered Level 5 of the Dungeon
  4789 | D:4      | Reached skill level 9 in Axes
  4954 | D:5      | HP: 2/70 [gnoll bouda/+0 whip (11)]
  4957 | D:4      | Slain by a gnoll

Illustrated notes

Levels and vault maps discovered:
D:1:      giann_bridges, layout_loops_cross,
          dreamdust_ecumenical_altar_angels_and_demons,
          kennysheep_decorative_pillar, nicolae_concentric_dashed_squares_wild
D:2:      minmay_door_path, layout_basic, uniq_robin, uniq_sigmund, uniq_natasha
D:3:      layout_rooms, minmay_circle_x
D:4:      layout_loops_ring, lemuel_mausoleum_altar_yredelemnul,
          mainiacjoe_overflow_alcove_4, fedhas_altar_4
D:5:      layout_basic, mainiacjoe_overflow_boulevard,
          minmay_temple_entry_proselytizer

Skill      XL: |  1  2  3  4  5  6  7  8 |
---------------+-------------------------+-----
Axes           | 3 4 5 7 9 |  9.0
Fighting       | 4 5 6 |  6.2
Armour         | 4 5 6 |  6.6
Dodging        | 1 |  1.9
Shields        | 4 |  4.5
Stealth        | |  0.7

Action                   |  1- 3 |  4- 6 |  7- 9 || total
-------------------------+-------+-------+-------++-------
Melee: War axe           |    77 |    98 |     4 ||   179
       Hand axe          |       |       |   238 ||   238
  Use: Scroll            |       |       |     2 ||     2
Armor: Scale mail        |    71 |    71 |    93 ||   235
Dodge: Dodged            |    67 |    48 |    95 ||   210
Block: Buckler           |    30 |    27 |    56 ||   113
